 Dungeon Crawl Stone Soup version 0.22-a0-352-gc608dd7 (webtiles) character file.

2732 khargal the Spear-Bearer (level 9, 78/78 HPs)
             Began as a Red Draconian Monk on Apr 14, 2018.
             Was a Believer of Qazlal.
             Quit the game on level 7 of the Dungeon.
             The game lasted 00:23:09 (9923 turns).

khargal the Spear-Bearer (Red Draconian Monk)       Turns: 9923, Time: 00:23:10

Health: 78/78      AC:  8    Str: 13    XL:     9   Next: 40%
Magic:  12/12      EV: 16    Int: 12    God:    Qazlal [**....]
Gold:   355        SH:  3    Dex: 16    Spells: 8/8 levels left

rFire    + . .     SeeInvis .   q - +0 trident
rCold    . . .     Gourm    .   (no shield)
rNeg     . . .     Faith    .   (armour unavailable)
rPois    .         Spirit   .   (helmet restricted)
rElec    .         Reflect  .   (no cloak)
rCorr    .         Harm     .   s - +0 pair of gloves
MR       .....                  (no boots)
Stlth    ++........             g - amulet of the acrobat
HPRegen  0.23/turn              (no ring)
MPRegen  0.13/turn              (no ring)

@: no status effects
A: breathe fire, unfitting armour, fire resistance 1, cold-blooded, AC +7
a: Breathe Fire, Upheaval, Renounce Religion


You were on level 7 of the Dungeon.
You worshipped Qazlal.
Qazlal was pleased with you.
You were not hungry.

You visited 2 branches of the dungeon, and saw 8 of its levels.

You collected 355 gold pieces.

Inventory:

Hand Weapons
 a - a +0 spear
 q - a +0 trident (weapon)
Missiles
 r - 10 poisoned needles
 u - 2 stones (quivered)
Armour
 s - a +0 pair of gloves (worn)
Jewellery
 g - an amulet of the acrobat (around neck)
 j - an uncursed amulet of harm
Wands
 l - a wand of enslavement (17)
 n - a wand of flame (31)
 o - a wand of random effects (16)
 y - a wand of iceblast (7)
Scrolls
 d - 2 scrolls of identify
 e - a scroll of fog {unknown}
 h - 4 scrolls of remove curse
 i - a scroll of random uselessness
 k - 2 scrolls of fear
 m - a scroll of noise
 v - a scroll of brand weapon {unknown}
 x - a scroll of teleportation
Potions
 c - a potion of agility
 f - 2 potions of magic
 p - a potion of brilliance
 t - a potion of flight
 w - a potion of lignification
Comestibles
 b - 5 rations


   Skills:
 + Level 6.7 Fighting
 + Level 9.0 Polearms
 + Level 6.0 Dodging
 - Level 4.0 Stealth
 * Level 4.1 Invocations
 - Level 1.1 Evocations


You had 8 spell levels left.
You didn't know any spells.

Dungeon Overview and Level Annotations

Branches:
Dungeon (7/15)             Temple (1/1) D:7

Altars:
Ashenzari
Cheibriados
Elyvilon
Fedhas
Gozag
Hepliaklqana
Kikubaaqudgha
Makhleb
Nemelex Xobeh
Okawaru
Qazlal
Ru
Sif Muna
Uskayaw
Vehumet
Wu Jian
Xom
Yredelemnul
Zin
The Shining One

Shops:
D:4 :

Annotations:
D:7 Curus's ghost, novice MiBe


Innate Abilities, Weirdness & Mutations

You can breathe blasts of fire.
Your fiery red scales are hard. (AC +7)
You cannot fit into any form of body armour.
Your flesh is heat resistant. (rF+)
You are cold-blooded and may be slowed by cold attacks.


Message History

Curus's ghost is severely damaged.
Curus's ghost hits you!
* * * LOW HITPOINT WARNING * * *
You can't go up here!
Curus's ghost closely misses you.
You climb downwards.
Welcome back to the Ecumenical Temple!
The ghost fades into the shadows.
Curus's ghost disappears!
There is a staircase back to the Dungeon here.
You start resting.
HP restored.
You start waiting.
Done waiting.
You can't go down here!
Unknown command.
You climb upwards.
Welcome back to the Dungeon!
Level annotation: Curus's ghost, novice MiBe
There is a staircase to the Ecumenical Temple, spattered with blood here.
There is a staircase to the Ecumenical Temple, spattered with blood here.
There is a stone staircase leading down here.
Are you sure you want to abandon this character and quit the game? (Confirm with "yes".)

###################
#.................#
#.###############.# #.# #.#
#.# #.# #.# #.#
#.###############.####
#.##.@................
######.##........#.###.####
#......##..................
##.######.##...#.#.###.####
#.# #.##..##.#.# #.#### #.#
#.##..##.#.# #.##.. #.#
#.....##.#.# #.##.. #.#
###......#.# #.##.. #.#
#..#####.# #.##..


There were no monsters in sight!

Vanquished Creatures
  The ghost of Curus the Cruncher, a novice MiGl (D:5)
  A hippogriff (D:7)
  Sigmund (D:4)
  A necrophage (D:7)
  A centaur (D:5)
  An ogre (D:6)
  A crocodile (D:7)
  A big kobold (D:7)
  Blork the orc (D:5)
  3 bullfrogs
  A gnoll sergeant (D:5)
  3 scorpions
  5 wights (D:7)
  3 electric eels (D:3)
  A howler monkey (D:4)
  A crimson imp (D:6)
  3 bullfrog zombies
  A hound (D:5)
  6 orc wizards
  2 iguanas
  4 worker ants
  A hound skeleton (D:6)
  9 adders
  4 gnolls (D:5)
  A shadow imp (D:7)
  3 oozes
  4 worms
  3 adder skeletons
  3 dart slugs
  3 leopard geckos
  13 orcs
  5 bats
  3 giant cockroaches
  11 goblins
  9 hobgoblins
  8 jackals
  3 quokkas
  A ball python (D:5)
  5 frilled lizards
  6 kobolds
  A leopard gecko zombie (D:5)
  8 rats
146 creatures vanquished.

Notes
Turn   | Place    | Note
-------+----------+-------------------------------------------
     0 | D:1      | khargal the Draconian Monk began the quest for the Orb.
     0 | D:1      | Reached XP level 1. HP: 19/19 MP: 1/1
   271 | D:1      | Reached XP level 2. HP: 20/26 MP: 2/2
   454 | D:1      | Reached XP level 3. HP: 31/31 MP: 3/3
  1268 | D:2      | Reached XP level 4. HP: 36/40 MP: 4/4
  1440 | D:3      | Reached skill level 4 in Polearms
  1646 | D:3      | Found a transporter.
  1668 | D:3      | Found a transporter.
  2026 | D:3      | Reached XP level 5. HP: 27/46 MP: 5/5
  2580 | D:3      | Reached skill level 5 in Polearms
  2604 | D:3      | Found a basalt altar of Yredelemnul.
  3273 | D:3      | Reached XP level 6. HP: 53/53 MP: 6/6
  3837 | D:4      | Noticed Sigmund
  3881 | D:4      | Killed Sigmund
  3881 | D:4      | Your scales start taking on a fiery red colour.
  3881 | D:4      | Reached XP level 7. HP: 19/60 MP: 7/7
  3881 | D:4      | Gained mutation: Your flesh is heat resistant. (rF+) [Red Draconian growth]
  4132 | D:4      | Found Nipsueka's Book Shoppe.
  4170 | D:4      | Reached skill level 6 in Polearms
  4324 | D:4      | Found a stormy altar of Qazlal.
  4529 | D:4      | Became a worshipper of Qazlal Stormbringer
  4529 | D:4      | Reached * piety under Qazlal
  4529 | D:4      | Reached ** piety under Qazlal
  4617 | D:5      | Entered Level 5 of the Dungeon
  4672 | D:5      | Noticed Curus's ghost (novice MiGl)
  4952 | D:5      | Killed Curus's ghost
  4952 | D:5      | Reached skill level 5 in Fighting
  4952 | D:5      | Reached skill level 7 in Polearms
  4952 | D:5      | Reached skill level 1 in Evocations
  4952 | D:5      | Reached XP level 8. HP: 55/69 MP: 8/8
  5090 | D:5      | Reached skill level 1 in Invocations
  5375 | D:5      | Noticed Blork the orc
  5380 | D:5      | Killed Blork the orc
  5838 | D:5      | Reached skill level 5 in Dodging
  6190 | D:6      | Reached skill level 8 in Polearms
  6285 | D:6      | Found an ancient bone altar of Kikubaaqudgha.
  6828 | D:6      | Found a sparkling altar of Nemelex Xobeh.
  7214 | D:7      | Found a sacrificial altar of Ru.
  7238 | D:7      | Found a staircase to the Ecumenical Temple.
  7252 | D:7      | Noticed Curus's ghost (novice MiBe)
  7253 | Temple   | Entered the Ecumenical Temple
  7474 | D:7      | Reached XP level 9. HP: 75/75 MP: 11/11
  8537 | D:7      | Found a radiant altar of Vehumet.
  8566 | D:7      | Reached skill level 9 in Polearms
  8876 | D:7      | Found a shimmering altar of Xom.
  9923 | D:7      | Quit the game

Vault maps used:
D:1:      minmay_arrival_loop, serial_forest, infiniplex_forest_end_3,
          infiniplex_forest_clump_small, infiniplex_forest_lined_room_3,
          infiniplex_forest_lined_2
D:2:      minmay_nonomino_d4
D:3:      gammafunk_steamed_eel, nicolae_overflow_crystal_walls, first_ration
D:4:      nicolae_qazlal_eye_of_the_storm, serial_shops, shop,
          minmay_checkerbox, uniq_sigmund
D:5:      uniq_blork_the_orc
D:6:      lemuel_round_altar, kiku_gazebo_pond_becter
D:7:      kennysheep_mini, hangedman_ru_absence, brannock_xom_greatest_gift,
          minmay_temple_entry_grid, grunt_ministairs_3
Temple:   dshaligram_water_room_temple

Skill      XL: |  1  2  3  4  5  6  7  8  9 |
---------------+----------------------------+-----
Dodging        | 3 4 5 6 |  6.0
Stealth        | 2 3 4 |  4.0
Fighting       | 4 5 6 |  6.7
Polearms       | 4 5 7 8 9 |  9.0
Evocations     | 1 |  1.1
Invocations    | 3 4 |  4.1

Action                   |  1- 3 |  4- 6 |  7- 9 || total
-------------------------+-------+-------+-------++-------
Melee: Spear             |   162 |    39 |       ||   201
       Tailslap          |    17 |    23 |    59 ||    99
       Trident           |       |   156 |   367 ||   523
Invok: Upheaval          |       |       |     1 ||     1
 Abil: Breathe Fire      |       |       |    25 ||    25
Evoke: Wand              |       |     5 |       ||     5
  Use: Scroll            |       |     9 |       ||     9
       Potion            |       |     6 |     4 ||    10
 Stab: Sleeping          |     5 |     3 |     1 ||     9
  Eat: Chunk             |     1 |     8 |     9 ||    18
       Ration            |       |       |     5 ||     5
Armor: Skin              |    33 |    41 |    72 ||   146
Dodge: Dodged            |    76 |   117 |   226 ||   419
Block: Other             |       |       |    36 ||    36

Table legend:
 A = Spawn XP
 B = Non-spawn XP
 C = Spawn XP percentage of total XP
 D = Spawn monster count
 E = Non-spawn monster count
 F = Spawn count percentage of total count
 G = Total turns spent on level
                    A         B        C        D         E        F      G
               +---------+---------+-------+---------+---------+-------+---------
         Total |       0 |    3903 |   0.0 |       0 |     146 |   0.0 |  9923
               +---------+---------+-------+---------+---------+-------+---------
           D:1 |       0 |      46 |   0.0 |       0 |      22 |   0.0 |   767
           D:2 |       0 |      60 |   0.0 |       0 |      17 |   0.0 |   659
           D:3 |       0 |     382 |   0.0 |       0 |      33 |   0.0 |  1935
           D:4 |       0 |     353 |   0.0 |       0 |       8 |   0.0 |  1497
           D:5 |       0 |    1315 |   0.0 |       0 |      28 |   0.0 |  1309
           D:6 |       0 |     538 |   0.0 |       0 |      16 |   0.0 |  1008
           D:7 |       0 |    1174 |   0.0 |       0 |      20 |   0.0 |  1381
        Temple |       0 |      35 |   0.0 |       0 |       2 |   0.0 |  1367
               +---------+---------+-------+---------+---------+-------+---------
